 Dungeon Crawl Stone Soup version 0.28-a0-984-g3775c662fe (webtiles) character file.

Game seed: 16986883707382344759

46 fragbeetle the Ruffian (level 3, 0/28 HPs)
             Began as a Draconian Transmuter on Dec 4, 2021.
             Slain by an adder (2 damage)
             ... on level 2 of the Dungeon.
             The game lasted 00:04:21 (1353 turns).

fragbeetle the Ruffian (Draconian Transmuter)       Turns: 1353, Time: 00:04:21

Health: 0/28       AC:  5    Str: 14    XL:     3   Next: 46%
Magic:  6/6        EV: 12    Int: 13    God:
Gold:   59         SH:  0    Dex: 11    Spells: 2/6 levels left

rFire   . . .      SeeInvis .     - Unarmed
rCold   . . .      Faith    .   (no shield)
rNeg    . . .      Spirit   .   (armour unavailable)
rPois   .          Reflect  .   (helmet currently unavailable)
rElec   .          Harm     .   (no cloak)
rCorr   .          Rampage  .   (no gloves)
Will    .....                   (boots currently unavailable)
Stlth   +.........              (no amulet)
HPRegen 0.09/turn               (no ring)
MPRegen 0.10/turn               (no ring)

@: lethally poisoned (0 -> -2), appendages (expiring)
A: horns 2, talons 2, AC +5, unfitting armour, cold-blooded
a: End Transformation


You were on level 2 of the Dungeon.
You had temporarily grown beastly horns and talons.
You visited 1 branch of the dungeon, and saw 2 of its levels.

You collected 59 gold pieces.

Inventory:

Hand Weapons
 c - a +2 short sword of electrocution
 d - a +0 quarterstaff
Scrolls
 a - a scroll of amnesia {unknown}
 b - a scroll of blinking {unknown}
 f - a scroll of enchant armour {unknown}
Potions
 e - a potion of magic {unknown}
 g - a potion of haste {unknown}


   Skills:
 + Level 1.3 Fighting
 + Level 1.9 Dodging
 + Level 0.1 Stealth
 * Level 3.8 Unarmed Combat
 + Level 2.1 Spellcasting
 * Level 2.5 Transmutations


You had 2 spell levels left.
You knew the following spells:

 Your Spells              Type           Power      Damage    Failure   Level
a - Beastly Appendage     Tmut           16%        N/A       9%          1
b - Spider Form           Tmut/Pois      4%         N/A       41%         3

Your spell library contained the following spells:

 Spells                   Type           Power      Damage    Failure   Level
 Wereblood                Tmut           8%         N/A       13%         2
 Ice Form                 Ice/Tmut       4%         N/A       83%         4


Dungeon Overview and Level Annotations

Branches:
Dungeon (2/15)

Altars:
Sif Muna

Shops:
D:2 (


Innate Abilities, Weirdness & Mutations

You have temporarily grown beastly horns and talons.
Your plain brown scales are hard. (AC +5)
You cannot fit into any form of body armour.
You are cold-blooded and may be slowed by cold attacks.


Message History

The adder bites you but does no damage.
You barely miss the adder.
The adder is heavily wounded.
Your transformation is almost over.
The adder bites you.
You are poisoned.
The adder poisons you!
You hit the adder.
The adder is heavily wounded.
You feel sick. The adder bites you.
You are lethally poisoned!
The adder poisons you!
You hit the adder. Your kick misses the adder.
The adder is almost dead.
You feel sick. The adder misses you.
You miss the adder.
The adder is almost dead.
* * * LOW HITPOINT WARNING * * *
You feel sick. The adder barely misses you.
You barely miss the adder.
The adder is almost dead.
* * * LOW HITPOINT WARNING * * *
You feel sick. The adder bites you but does no damage. The adder misses you.
You miss the adder.
The adder is severely wounded.
* * * LOW HITPOINT WARNING * * *
You feel sick. The adder misses you.
You completely miss the adder.
Your tail-slap misses the adder.
The adder is severely wounded.
* * * LOW HITPOINT WARNING * * *
You feel sick. The adder bites you but does no damage.
You closely miss the adder.
The adder is severely wounded.
* * * LOW HITPOINT WARNING * * *
You feel sick. The adder completely misses you.
You hit the adder. Your headbutt misses the adder.
The adder is severely wounded.
* * * LOW HITPOINT WARNING * * *
You feel sick. The adder bites you.
You die...

.†.......
#........#
##......#
#........#
...##....
#.>......# #...#
..# ###........#
###.# .
#...(..###### # S.#
#.##........# #
#... ##.##......†.#
#..
######..##........#
#bhS@..###........#
.....hS######
#........# .....$#
#........# ##...:
#........# #....
..........# ..#.#
####.####### . #.
#. . #


You could see 2 adders, 2 jackals and a bat.

Vanquished Creatures
  A dart slug (D:1)
  3 ball pythons
  A bat (D:1)
  4 endoplasms
  2 giant cockroaches
  5 goblins
  7 hobgoblins
  5 jackals
  2 quokkas
  A frilled lizard (D:1)
  4 kobolds
  A rat (D:1)
36 creatures vanquished.

Notes
Turn   | Place    | Note
-------+----------+-------------------------------------------
     0 | D:1      | fragbeetle the Draconian Transmuter began the quest for the
                  | Orb.
     0 | D:1      | Reached XP level 1. HP: 16/16 MP: 3/3
     6 | D:1      | Found a shimmering blue altar of Sif Muna.
   211 | D:1      | Reached XP level 2. HP: 16/23 MP: 1/5
   998 | D:1      | Reached XP level 3. HP: 28/28 MP: 4/6
  1229 | D:2      | Found Iwaur's Antique Weapon Shop.
  1298 | D:2      | Learned a level 3 spell: Spider Form
  1353 | D:2      | Slain by an adder

Illustrated notes

Levels and vault maps discovered:
D:1:      sevenhm_arrival_forest_fort_small_6, layout_basic,
          grunt_decor_resistance
D:2:      layout_rooms, serial_shops, shop, chequers_serial_rivers_large_b

Action                   || total
-------------------------++-------
Melee: Unarmed           ||   103
       Tailslap          ||    10
       Headbutt          ||     9
       Kick              ||    12
       Punch             ||     1
 Cast: Beastly Appendage ||    18
Armor: Skin              ||    28
Dodge: Dodged            ||    57

Table legend: (Time is in decaauts)
 A = Elapsed time spent in this place.
 B = Non-inter-level travel time spent in this place.
 C = Inter-level travel time spent in this place.
 D = Time resting spent in this place.
 E = Time spent auto-exploring this place.
 F = Levels seen in this place.
 G = Mean time per level.
                   A        B        C        D        E       F      G
               +--------+--------+--------+--------+--------+-----+--------+
         Total |   1351 |   1299 |     52 |    135 |    663 |   2 |  675.5 |
       Dungeon |   1351 |   1299 |     52 |    135 |    663 |   2 |  675.5 |
               +--------+--------+--------+--------+--------+-----+--------+

Top non-repeatable levels by time:
     D:1: 1205 daAuts
     D:2: 145 daAuts
